 Dungeon Crawl Stone Soup version 0.22.1-6-g1668fe2 (webtiles) character file.

6202 Fang the Cleaver (level 10, -4/64 HPs)
             Began as a Gargoyle Berserker on Jan 31, 2019.
             Was an Elder of Trog.
             Slain by a gargoyle
             ... wielding a +2 flail of protection
              (12 damage)
             ... on level 10 of the Dungeon.
             The game lasted 00:11:57 (10936 turns).

Fang the Cleaver (Gargoyle Berserker)              Turns: 10936, Time: 00:11:57

Health: -4/64      AC: 18    Str: 24    XL:     10   Next: 91%
Magic:  10/10      EV: 10    Int:  8    God:    Trog [****..]
Gold:   540        SH:  0    Dex:  9    Spells: 9/9 levels left

rFire    . . .     SeeInvis .   q - +0 war axe
rCold    . . .     Gourm    .   (no shield)
rNeg     + . .     Faith    .   k - +0 chain mail
rPois    ∞         Spirit   .   (no helmet)
rElec    +         Reflect  .   (no cloak)
rCorr    .         Harm     .   (no gloves)
MR       .....                  (no boots)
Stlth    ..........             b - amulet of the acrobat
HPRegen  0.20/turn              (no ring)
MPRegen  0.12/turn              (no ring)

@: no status effects
A: negative energy resistance 1, electricity resistance, unbreathing,
petrification resistance, rot immunity, AC +7
a: Berserk, Trog's Hand, Brothers in Arms, Renounce Religion


You were on level 10 of the Dungeon.
You worshipped Trog.
Trog was greatly pleased with you.
You were near starving.

You visited 1 branch of the dungeon, and saw 10 of its levels.

You collected 540 gold pieces.

Inventory:

Hand Weapons
 q - a +0 war axe (weapon)
Armour
 k - a +0 chain mail (worn)
Jewellery
 b - an amulet of the acrobat (around neck)
Wands
 g - a wand of acid (7)
 j - a wand of scattershot (2)
 p - a wand of enslavement (15)
 t - a wand of polymorph (14)
 v - a wand of clouds (4)
 x - a wand of random effects (33)
Scrolls
 a - a scroll of vulnerability {unknown}
 e - 2 scrolls of remove curse
 h - 2 scrolls of identify
 i - 2 scrolls of magic mapping
 l - 3 scrolls of teleportation
 s - a scroll of immolation {unknown}
 u - 2 scrolls of summoning {unknown}
 y - a scroll of enchant armour {unknown}
Potions
 d - 4 potions of lignification {unknown}
 f - 4 potions of curing
 m - 3 potions of flight
 n - a potion of haste {unknown}
 o - a potion of agility {unknown}
 r - a potion of berserk rage
 w - a potion of heal wounds {unknown}
Comestibles
 c - 15 rations


   Skills:
 + Level 8.2 Fighting
 + Level 10.7 Axes
 + Level 9.1 Armour
 + Level 3.5 Dodging
 + Level 2.1 Stealth


You had 9 spell levels left.
You didn't know any spells.
Your spell library was empty.

Dungeon Overview and Level Annotations

Branches:
Dungeon (10/15)            Temple (0/1) D:5
   Lair: D:8-11         Orc: D:9-12

Altars:
Cheibriados
Dithmenos
Fedhas
Gozag
Hepliaklqana
Nemelex Xobeh
Okawaru
Qazlal
Ru
Sif Muna
Uskayaw
Vehumet
Wu Jian
Xom
The Shining One

Shops:
D:4 ?


Innate Abilities, Weirdness & Mutations

You are resistant to torment.
Your stone body is resilient. (AC +7)
You are immune to poison.
You resist negative energy. (rN+)
You are resistant to electric shocks. (rElec)
You can survive without breathing.
You are immune to petrification.
You are immune to rotting.


Message History

The stone arrow hits you!
You hit the gargoyle but do no damage. The gargoyle barely misses you.
You barely miss the gargoyle. You hit the gargoyle but do no damage.
The gargoyle hits you with a flail of protection!
You hit the gargoyle.
The gargoyle is lightly damaged.
The gargoyle hits you with a flail of protection.
* * * LOW HITPOINT WARNING * * *
You're too hungry.
You slash the gargoyle!
The gargoyle is heavily damaged.
The gargoyle hurls a stone arrow at you.
The stone arrow hits you!
* * * LOW HITPOINT WARNING * * *
Unknown command.
You closely miss the gargoyle.
The gargoyle is heavily damaged.
The gargoyle hits you with a flail of protection!
You die...

.. .. ... ...
..#########...
............=
#########...........
#................!..
#...................
#...........@9......
#...................
#########...........
#...<.......
#.......####
..........
........>...
.............


You could see a gargoyle.

Vanquished Creatures
  Erica (D:9)
  Pikel (D:9)
  The ghost of Tew the Chopper, a novice MiBe of Trog (D:5)
  The ghost of dtburroughs the Cudgeler, a novice MiBe of Trog (D:5)
  Grinder (D:5)
  Sigmund (D:4)
  A wyvern (D:9)
  A spriggan (D:9)
  The ghost of jlumianski the Grasshopper, an amateur GnWr (D:3)
  A hungry ghost (D:10)
  Edmund (D:5)
  Duvessa (D:5)
  2 ice beasts
  2 black bears
  A slave (D:9)
  An orc warrior (D:8)
  3 necrophages (D:9)
  A phantom (D:7)
  2 ogres
  4 centaurs
  Blork the orc (D:6)
  4 bullfrogs
  2 wyvern zombies
  Dowan (D:5)
  4 killer bees (D:8)
  A howler monkey (D:9)
  2 centaur zombies (D:9)
  3 crimson imps
  4 hounds
  An orc priest (D:5)
  Crazy Yiuf (D:6)
  3 jellies
  5 orc wizards
  A bullfrog skeleton (D:8)
  Terence (D:3)
  3 iguanas
  6 worker ants
  13 adders
  7 gnolls
  2 shadow imps
  An ooze (D:3)
  An adder zombie (D:9)
  2 adder skeletons
  4 worms
  A dart slug (D:5)
  5 leopard geckos
  19 orcs
  A ball python (D:2)
  2 giant cockroaches
  7 goblins
  4 hobgoblins
  2 jackals (D:8)
  5 kobolds
  4 quokkas
  9 bats
  3 frilled lizards (D:2)
  A leopard gecko skeleton (D:5)
  2 quokka skeletons
  A quokka zombie (D:9)
  6 rats
  A bush (D:9)
  2 plants (D:9)
176 creatures vanquished.

Vanquished Creatures (others)
  Maurice (D:9)
  A slave (D:9)
  3 plants (D:9)
  4 withered plants (D:5)
9 creatures vanquished.

Grand Total: 185 creatures vanquished

Notes
Turn   | Place    | Note
-------+----------+-------------------------------------------
     0 | D:1      | Fang the Gargoyle Berserker began the quest for the Orb.
     0 | D:1      | Reached XP level 1. HP: 14/14 MP: 1/1
   465 | D:1      | Reached skill level 1 in Stealth
   835 | D:2      | Reached XP level 2. HP: 19/19 MP: 2/2
   916 | D:2      | Reached skill level 3 in Axes
  1313 | D:2      | Reached XP level 3. HP: 23/23 MP: 3/3
  1417 | D:2      | Reached ** piety under Trog
  1859 | D:3      | Reached XP level 4. HP: 28/29 MP: 4/4
  1864 | D:3      | Noticed Terence
  1866 | D:3      | Noticed jlumianski's ghost (amateur GnWr)
  1885 | D:3      | Killed Terence
  1893 | D:3      | Reached skill level 4 in Axes
  1972 | D:3      | Found a transporter.
  1994 | D:3      | Found a transporter.
  2189 | D:3      | Reached XP level 5. HP: 27/33 MP: 5/5
  2235 | D:3      | Found a deep blue altar of Sif Muna.
  2740 | D:4      | Noticed Sigmund
  2802 | D:4      | Killed Sigmund
  2802 | D:4      | Reached skill level 5 in Axes
  2802 | D:4      | Reached XP level 6. HP: 19/38 MP: 6/6
  3453 | D:4      | Found a radiant altar of Vehumet.
  3587 | D:4      | Found Wyojit's Magic Scroll Shoppe.
  4322 | D:3      | Killed jlumianski's ghost
  4322 | D:3      | Reached XP level 7. HP: 31/44 MP: 7/7
  4510 | D:5      | Entered Level 5 of the Dungeon
  4565 | D:5      | Noticed Dowan
  4575 | D:5      | Killed Dowan
  4587 | D:5      | Found a shadowy altar of Dithmenos.
  4605 | D:5      | Noticed Duvessa
  4631 | D:5      | Killed Duvessa
  4752 | D:5      | Noticed Edmund
  4765 | D:5      | Killed Edmund
  4765 | D:5      | Reached skill level 6 in Axes
  4984 | D:5      | Found a shimmering altar of Xom.
  4992 | D:5      | Found a snail-covered altar of Cheibriados.
  5000 | D:5      | Found a stormy altar of Qazlal.
  5167 | D:5      | Reached skill level 5 in Fighting
  5167 | D:5      | Reached skill level 5 in Armour
  5167 | D:5      | Reached XP level 8. HP: 49/49 MP: 8/8
  5225 | D:5      | Found a hazy altar of Hepliaklqana.
  5233 | D:5      | Found a runed gate.
  5233 | D:5      | Found a runed gate.
  5233 | D:5      | Found a runed gate.
  5233 | D:5      | Noticed dtburroughs's ghost (novice MiBe)
  5234 | D:5      | Noticed Tew's ghost (novice MiBe)
  5542 | D:5      | Found a staircase to the Ecumenical Temple.
  5627 | D:5      | Noticed Grinder
  5632 | D:5      | Reached *** piety under Trog
  5642 | D:5      | Paralysed by Grinder for 3 turns
  5668 | D:5      | Killed Grinder
  5668 | D:5      | Reached skill level 7 in Axes
  5923 | D:5      | Killed dtburroughs's ghost
  5935 | D:5      | Killed Tew's ghost
  5935 | D:5      | Reached skill level 8 in Axes
  5935 | D:5      | Reached XP level 9. HP: 54/55 MP: 9/9
  6255 | D:6      | Found a runed door.
  6325 | D:6      | Noticed Blork the orc
  6349 | D:6      | Killed Blork the orc
  6583 | D:6      | Found a glowing golden altar of the Shining One.
  6923 | D:6      | Noticed Crazy Yiuf
  6928 | D:6      | Paralysed by Crazy Yiuf for 6 turns
  6936 | D:6      | Killed Crazy Yiuf
  7109 | D:7      | Found an opulent altar of Gozag.
  7110 | D:7      | Found a sacrificial altar of Ru.
  7113 | D:7      | Found a hide-covered altar of Uskayaw.
  7113 | D:7      | Found a sparkling altar of Nemelex Xobeh.
  7113 | D:7      | Found an iron altar of Okawaru.
  7419 | D:7      | Reached skill level 9 in Axes
  8581 | D:8      | Reached XP level 10. HP: 42/61 MP: 10/10
  8587 | D:8      | Reached **** piety under Trog
  9064 | D:8      | Noticed Maurice
 10218 | D:9      | Noticed Erica
 10219 | D:9      | Noticed Pikel
 10229 | D:9      | Killed Erica
 10229 | D:9      | Reached skill level 10 in Axes
 10232 | D:9      | Killed Pikel
 10299 | D:9      | Found an ornate altar of the Wu Jian Council.
 10427 | D:9      | Found a blossoming altar of Fedhas.
 10443 | D:9      | Killed Maurice
 10889 | D:10     | Entered Level 10 of the Dungeon
 10910 | D:10     | Paralysed by fainting for 9 turns
 10925 | D:10     | Noticed a gargoyle
 10936 | D:10     | Slain by a gargoyle

Skill      XL: |  1  2  3  4  5  6  7  8  9 10 |
---------------+-------------------------------+-----
Stealth        | 1 2 |  2.1
Axes           | 3 4 5 6 8 9 10 | 10.7
Fighting       | 4 5 6 8 |  8.2
Armour         | 3 4 5 6 7 9 |  9.1
Dodging        | 2 3 |  3.5

Action                   |  1- 3 |  4- 6 |  7- 9 | 10-12 || total
-------------------------+-------+-------+-------+-------++-------
Melee: Hand axe          |   122 |   174 |   548 |   121 ||   965
       War axe           |       |       |       |   150 ||   150
Invok: Berserk           |       |     2 |     4 |     2 ||     8
  Use: Scroll            |       |       |     8 |       ||     8
  Eat: Chunk             |     3 |     6 |    11 |     9 ||    29
       Ration            |       |     1 |     2 |     1 ||     4
Armor: Animal skin       |     2 |       |       |       ||     2
       Chain mail        |    46 |    98 |   280 |   213 ||   637
       Ring mail         |     7 |       |       |       ||     7
Dodge: Dodged            |    90 |   109 |   240 |   141 ||   580
